BSA
VISTA PANTHERS @ POCATELLO BELLAS
10/07/2030
 
TOP OF THE 1ST
Vista Panthers batting - Pitching for Pocatello Bellas : RHP Dionisio Penni
Pitching: RHP Dionisio Penni
Batting: RHB Stephen Wilson 0-0: Ball
1-0: Ball
2-0: Ball
3-0: Called Strike
3-1: Called Strike
3-2: Foul Ball, location: 2F
3-2: Ground out 6-3 (Groundball, 6)
Batting: LHB Clyde Yarbrough 0-0: Ball
1-0: Ball
2-0: Swinging Strike
2-1: Foul Ball, location: 2F
2-2: Foul Ball, location: 2F
2-2: SOLO HOME RUN (Flyball, 9D), Distance : 357 ft
Batting: RHB Jake Reeves 0-0: Ball
1-0: Ball
2-0: Called Strike
2-1: Ball
3-1: Base on Balls
Batting: LHB Dante Owens 0-0: Foul Ball, location: 2F
0-1: SINGLE (Groundball, 56) (infield hit)
Jake Reeves to second
Batting: LHB Noriaki Sangi 0-0: Ball
1-0: Foul Ball, location: 2F
1-1: Ball
2-1: Ball
3-1: Swinging Strike
3-2: Foul Ball, location: 2F
3-2: Fly out, F7 (Flyball, 7D)
Runner from 2nd tags up, SAFE at 3rd, no throw
Batting: RHB Johnny Williams 0-0: Called Strike
0-1: Ball
1-1: Fly out, F8 (Flyball, 8LS)
Top of the 1st over - 1 run, 2 hits, 0 errors, 2 left on base; Vista 1 - Pocatello 0
BOTTOM OF THE 1ST
Pocatello Bellas batting - Pitching for Vista Panthers : LHP Andrew Caine
Pitching: LHP Andrew Caine
Batting: SHB Shane Hutchinson 0-0: Ball
1-0: Foul Ball, location: 2F
1-1: Ball
2-1: Foul Ball, location: 2F
2-2: Ball
3-2: Strikes out swinging
Batting: LHB Roberto García 0-0: Foul Ball, location: 2F
0-1: Called Strike
0-2: Fly out, F7 (Flyball, 78M)
Batting: RHB Buck Jones 0-0: Foul Ball, location: 2F
0-1: TRIPLE (Flyball, 9LD)
Batting: RHB António Ortega 0-0: Ball
1-0: Ball
2-0: Fly out, F3 (Popup, 3SF)
Bottom of the 1st over - 0 runs, 1 hit, 0 errors, 1 left on base; Vista 1 - Pocatello 0
TOP OF THE 2ND
Vista Panthers batting - Pitching for Pocatello Bellas : RHP Dionisio Penni
Batting: RHB Justin Burgess 0-0: Called Strike
0-1: Foul Ball, location: 2F
0-2: Foul Ball, location: 2F
0-2: Ball
1-2: Ball
2-2: Strikes out swinging
Batting: RHB Cisco Gatán 0-0: Ball
1-0: Foul Ball, location: 2F
1-1: Swinging Strike
1-2: Ground out 1-3 (Groundball, 13)
Batting: LHB Ramiro Martínez 0-0: Ball
1-0: Foul Ball, location: 2F
1-1: Swinging Strike
1-2: Foul Ball, location: 2F
1-2: Ball
2-2: Ball
3-2: Strikes out looking
Top of the 2nd over - 0 runs, 0 hits, 0 errors, 0 left on base; Vista 1 - Pocatello 0
BOTTOM OF THE 2ND
Pocatello Bellas batting - Pitching for Vista Panthers : LHP Andrew Caine
Batting: RHB Júlio Figueroa 0-0: SINGLE (Groundball, 6MD)
Batting: RHB Francisco Ibarra 0-0: Called Strike
0-1: Swinging Strike
0-2: Strikes out swinging
Batting: RHB Lonnie Anderson 0-0: Ball
1-0: Fly out, F9 (Flyball, 9)
Batting: LHB José Rivas 0-0: Ball
1-0: Ball
2-0: Fielders Choice at 2nd, 5-4 (Groundball, 56)
Bottom of the 2nd over - 0 runs, 1 hit, 0 errors, 1 left on base; Vista 1 - Pocatello 0
TOP OF THE 3RD
Vista Panthers batting - Pitching for Pocatello Bellas : RHP Dionisio Penni
Batting: RHB Stephen Wilson 0-0: Ball
1-0: Ball
2-0: Called Strike
2-1: Ball
3-1: Base on Balls
Batting: LHB Clyde Yarbrough 0-0: Ball
1-0: Ball
2-0: Called Strike
2-1: Foul Ball, location: 2F
2-2: Grounds into double play, 4-6-3 (Groundball, 34)
Batting: RHB Jake Reeves 0-0: Ball
1-0: Swinging Strike
1-1: Fly out, F6 (Popup, 6M)
Top of the 3rd over - 0 runs, 0 hits, 0 errors, 0 left on base; Vista 1 - Pocatello 0
BOTTOM OF THE 3RD
Pocatello Bellas batting - Pitching for Vista Panthers : LHP Andrew Caine
Batting: RHB Javier Deleón 0-0: Ball
1-0: Ball
2-0: Called Strike
2-1: Ball
3-1: Base on Balls
Batting: SHB Shane Hutchinson 0-0: Ball
Javier Deleón is caught stealing 2nd base
1-0: Called Strike
1-1: Ball
2-1: Foul Ball, location: 2F
2-2: Ball
3-2: Fly out, F9 (Flyball, 9LM)
Batting: LHB Roberto García 0-0: Called Strike
0-1: Called Strike
0-2: Ball
1-2: Ball
2-2: Ball
3-2: Fly out, F3 (Popup, 34)
Bottom of the 3rd over - 0 runs, 0 hits, 0 errors, 0 left on base; Vista 1 - Pocatello 0
TOP OF THE 4TH
Vista Panthers batting - Pitching for Pocatello Bellas : RHP Dionisio Penni
Batting: LHB Dante Owens 0-0: Called Strike
0-1: Ground out 5-3 (Groundball, 56)
Batting: LHB Noriaki Sangi 0-0: Called Strike
0-1: Ball
1-1: Ball
2-1: Called Strike
2-2: Strikes out swinging
Batting: RHB Johnny Williams 0-0: Ball
1-0: Ball
2-0: Foul Ball, location: 2F
2-1: Ball
3-1: Called Strike
3-2: Foul Ball, location: 2F
3-2: Base on Balls
Batting: RHB Justin Burgess 0-0: Called Strike
0-1: Called Strike
0-2: Ball
1-2: Foul Ball, location: 2F
1-2: Fielders Choice at 2nd, 6-4 (Groundball, 6)
Top of the 4th over - 0 runs, 0 hits, 0 errors, 1 left on base; Vista 1 - Pocatello 0
BOTTOM OF THE 4TH
Pocatello Bellas batting - Pitching for Vista Panthers : LHP Andrew Caine
Batting: RHB Buck Jones 0-0: Swinging Strike
0-1: Ball
1-1: Foul Ball, location: 2F
1-2: DOUBLE (Flyball, 8LXD)
Batting: RHB António Ortega 0-0: Ball
1-0: Called Strike
1-1: Ball
2-1: Ball
3-1: Base on Balls
Batting: RHB Júlio Figueroa 0-0: Called Strike
0-1: Swinging Strike
0-2: Ball
1-2: Foul Ball, location: 2F
1-2: 3-RUN HOME RUN (Line Drive, 7LD), Distance : 356 ft
Batting: RHB Francisco Ibarra 0-0: Called Strike
0-1: Ball
1-1: Called Strike
1-2: Ball
2-2: Fly out, F9 (Flyball, 9LM)
Batting: RHB Lonnie Anderson 0-0: DOUBLE (Flyball, 8RXD)
Batting: LHB José Rivas 0-0: 2-RUN HOME RUN (Flyball, 9LD), Distance : 421 ft
Pitching: RHP Jorge Oliva
Batting: RHB Javier Deleón 0-0: Ball
1-0: Called Strike
1-1: Swinging Strike
1-2: Foul Ball, location: 2F
1-2: Strikes out swinging
Batting: SHB Shane Hutchinson 0-0: Fly out, F8 (Flyball, 89S)
Bottom of the 4th over - 5 runs, 4 hits, 0 errors, 0 left on base; Vista 1 - Pocatello 5
TOP OF THE 5TH
Vista Panthers batting - Pitching for Pocatello Bellas : RHP Dionisio Penni
Batting: RHB Cisco Gatán 0-0: Ball
1-0: Swinging Strike
1-1: Ball
2-1: Foul Ball, location: 2F
2-2: Foul Ball, location: 2F
2-2: Fly out, F9 (Flyball, 9)
Batting: LHB Ramiro Martínez 0-0: Called Strike
0-1: Ball
1-1: Ground out U3 (Groundball, 3)
Batting: RHB Stephen Wilson 0-0: Called Strike
0-1: Ball
1-1: Foul Ball, location: 2F
1-2: Ball
2-2: Ball
3-2: SOLO HOME RUN (Flyball, 7D), Distance : 374 ft
Batting: LHB Clyde Yarbrough 0-0: Ball
1-0: SINGLE (Groundball, 4MD)
Pitching: RHP Manuel Fuentes
Batting: RHB Jake Reeves 0-0: Fly out, F7 (Flyball, 7LD)
Top of the 5th over - 1 run, 2 hits, 0 errors, 1 left on base; Vista 2 - Pocatello 5
BOTTOM OF THE 5TH
Pocatello Bellas batting - Pitching for Vista Panthers : RHP Jorge Oliva
Batting: LHB Roberto García 0-0: Called Strike
0-1: Ball
1-1: Foul Ball, location: 2F
1-2: Foul Ball, location: 2F
1-2: Foul Ball, location: 2F
1-2: SINGLE (Flyball, 89S)
Batting: RHB Buck Jones 0-0: Ball
1-0: Ball
2-0: Foul Ball, location: 2F
2-1: SINGLE (Groundball, 4MD)
Roberto García to second
Runner from 2nd tries for 3rd, SAFE, no throw
Batting: RHB António Ortega 0-0: Ball
1-0: Ball
2-0: Ball
3-0: Called Strike
3-1: Base on Balls
Buck Jones to second
Batting: RHB Júlio Figueroa 0-0: Called Strike
0-1: Foul Ball, location: 2F
0-2: Ball
1-2: Ball
2-2: Ball
3-2: Strikes out swinging
Batting: RHB Francisco Ibarra 0-0: Foul Ball, location: 2F
0-1: Fly out, F6 (Popup, 6)
Batting: RHB Lonnie Anderson 0-0: Ground out U3 (Groundball, 34S)
Bottom of the 5th over - 0 runs, 2 hits, 0 errors, 3 left on base; Vista 2 - Pocatello 5
TOP OF THE 6TH
Vista Panthers batting - Pitching for Pocatello Bellas : RHP Manuel Fuentes
Batting: LHB Dante Owens 0-0: Ball
1-0: Fly out, F3 (Popup, 23F)
Batting: LHB Noriaki Sangi 0-0: Ball
1-0: Foul Ball, location: 2F
1-1: Fly out, F8 (Line Drive, 89XD)
Batting: RHB Johnny Williams 0-0: Ball
1-0: Ball
2-0: Called Strike
2-1: Foul Ball, location: 2F
2-2: Fly out, F8 (Flyball, 8RD)
Top of the 6th over - 0 runs, 0 hits, 0 errors, 0 left on base; Vista 2 - Pocatello 5
BOTTOM OF THE 6TH
Pocatello Bellas batting - Pitching for Vista Panthers : RHP Jorge Oliva
Batting: LHB José Rivas 0-0: Called Strike
0-1: Ball
1-1: Ball
2-1: Ball
3-1: Ground out 6-3 (Groundball, 6M)
Batting: RHB Javier Deleón 0-0: Ball
1-0: Ball
2-0: Called Strike
2-1: Swinging Strike
2-2: Foul Ball, location: 2F
2-2: Foul Ball, location: 2F
2-2: DOUBLE (Line Drive, 89D) - OUT at third base trying to stretch hit.
Batting: SHB Shane Hutchinson 0-0: Ball
1-0: Called Strike
1-1: Ball
2-1: Ball
3-1: Swinging Strike
3-2: Base on Balls
Batting: LHB Roberto García 0-0: Ball
1-0: Called Strike
1-1: Foul Ball, location: 2F
1-2: Ball
2-2: Ball
3-2: Base on Balls
Shane Hutchinson to second
Batting: RHB Buck Jones 0-0: Swinging Strike
0-1: Ball
1-1: Ball
2-1: Ground out 3-1 (Groundball, 34S)
Bottom of the 6th over - 0 runs, 1 hit, 0 errors, 2 left on base; Vista 2 - Pocatello 5
TOP OF THE 7TH
Vista Panthers batting - Pitching for Pocatello Bellas : RHP Manuel Fuentes
Batting: RHB Justin Burgess 0-0: Foul Ball, location: 2F
0-1: Ball
1-1: Ball
2-1: Foul Ball, location: 2F
2-2: Ball
3-2: Ground out 4-3 (Groundball, 4S)
Batting: RHB Cisco Gatán 0-0: Fly out, F6 (Line Drive, 6)
Batting: LHB Ramiro Martínez 0-0: Fly out, F7 (Flyball, 78D)
Top of the 7th over - 0 runs, 0 hits, 0 errors, 0 left on base; Vista 2 - Pocatello 5
BOTTOM OF THE 7TH
Pocatello Bellas batting - Pitching for Vista Panthers : RHP Jorge Oliva
Batting: RHB António Ortega 0-0: Foul Ball, location: 2F
0-1: SINGLE (Line Drive, 89S)
Pitching: RHP John Hall
Batting: RHB Júlio Figueroa 0-0: Called Strike
0-1: Ball
1-1: Ball
Wild Pitch!
António Ortega to second
2-1: Ball
3-1: Ground out 6-3 (Groundball, 6D)
Batting: RHB Francisco Ibarra 0-0: Called Strike
0-1: SINGLE (Groundball, 6MD)
António Ortega to third
Batting: RHB Lonnie Anderson 0-0: SINGLE (Groundball, 56D)
António Ortega scores
Francisco Ibarra to second
Pitching: LHP John Whitaker
Batting: LHB José Rivas 0-0: Ball
1-0: Foul Ball, location: 2F
1-1: Ball
2-1: Foul Ball, location: 2F
2-2: Strikes out swinging
Pitching: RHP Craig Lewis
Batting: RHB Javier Deleón 0-0: Swinging Strike
0-1: Ball
1-1: Called Strike
1-2: Ball
2-2: Foul Ball, location: 2F
2-2: Fly out, F8 (Flyball, 8LM)
Bottom of the 7th over - 1 run, 3 hits, 0 errors, 2 left on base; Vista 2 - Pocatello 6
TOP OF THE 8TH
Vista Panthers batting - Pitching for Pocatello Bellas : RHP Manuel Fuentes
Batting: RHB Stephen Wilson Error on foul ball, E5
0-1: Ball
1-1: Foul Ball, location: 2F
1-2: Ball
2-2: Foul Ball, location: 2F
2-2: Ball
3-2: Foul Ball, location: 2F
3-2: Foul Ball, location: 2F
3-2: Ground out 4-3 (Groundball, 4)
Batting: LHB Clyde Yarbrough 0-0: Swinging Strike
0-1: Called Strike
0-2: Ball
1-2: Foul Ball, location: 2F
1-2: Ball
2-2: Ground out 4-3 (Groundball, 4)
Batting: RHB Jake Reeves 0-0: Foul Ball, location: 2F
0-1: Ball
1-1: Ball
2-1: Foul Ball, location: 2F
2-2: Ball
3-2: Foul Ball, location: 2F
3-2: Foul Ball, location: 2F
3-2: Ground out 6-3 (Groundball, 6)
Top of the 8th over - 0 runs, 0 hits, 1 error, 0 left on base; Vista 2 - Pocatello 6
BOTTOM OF THE 8TH
Pocatello Bellas batting - Pitching for Vista Panthers : RHP Craig Lewis
Pitching: RHP José Betancourt
Batting: SHB Shane Hutchinson 0-0: Ball
1-0: Ball
2-0: Ball
3-0: Called Strike
3-1: Base on Balls
Batting: LHB Roberto García 0-0: Swinging Strike
0-1: Sac Bunt - play at second, runner OUT! 5-6
Batting: RHB Buck Jones 0-0: Ground out 5-3 (Groundball, 56S)
Roberto García to second
Batting: RHB António Ortega 0-0: Called Strike
0-1: Ball
1-1: Ball
2-1: Foul Ball, location: 2F
2-2: Ground out 6-3 (Groundball, 6M)
Bottom of the 8th over - 0 runs, 0 hits, 0 errors, 1 left on base; Vista 2 - Pocatello 6
TOP OF THE 9TH
Vista Panthers batting - Pitching for Pocatello Bellas : RHP Manuel Fuentes
Batting: LHB Dante Owens 0-0: Called Strike
0-1: Ball
1-1: Foul Ball, location: 2F
1-2: Ball
2-2: Ball
3-2: Ground out 5-3 (Groundball, 5)
Batting: LHB Noriaki Sangi 0-0: Called Strike
0-1: Reached on error, E4 (Groundball, 4)
Batting: RHB Johnny Williams 0-0: Swinging Strike
0-1: Ball
Wild Pitch!
Noriaki Sangi to second
1-1: Foul Ball, location: 2F
1-2: Foul Ball, location: 2F
1-2: Ball
2-2: Foul Ball, location: 2F
2-2: Ball
3-2: Fly out, F9 (Flyball, 9S)
Pitching: RHP Adrián Martínez
Batting: RHB Justin Burgess 0-0: Called Strike
0-1: Foul Ball, location: 2F
0-2: Ball
1-2: Strikes out swinging
Top of the 9th over - 0 runs, 0 hits, 1 error, 1 left on base; Vista 2 - Pocatello 6
Saturday, April 7th, 2018 - OOTP Baseball 18.8 Build 76